 Dungeon Crawl Stone Soup version 0.19.5 (webtiles) character file.

5460 Nelagord the Carver (level 10, 0/86 HPs)
             Began as a Demigod Gladiator on Mar 20, 2017.
             Slain by a wight
             ... wielding a +5 mace
              (3 damage)
             ... on level 10 of the Dungeon.
             The game lasted 00:28:02 (9728 turns).

Nelagord the Carver (Demigod Gladiator)             Turns: 9728, Time: 00:28:03

Health: 0/86       AC: 11    Str: 22      XL:     10   Next: 18%
Magic:  13/13      EV: 16    Int: 10 (12) God:
Gold:   424        SH: 14    Dex: 18 (20) Spells: 0 memorised, 9 levels left

rFire  x . .     SeeInvis .     a - +0 long sword (freeze)
rCold  + . .     Gourm    .     h - +3 ring mail
rNeg   . . .     Faith    .     m - +0 buckler
rPois  .         Spirit   .     (helmet restricted)
rElec  .         Reflect  +     (no cloak)
rCorr  .         Harm     .     e - +1 pair of gloves
MR     +....                    q - +1 pair of boots
Stlth  +.........               o - brooch of Shielding {Reflect SH+8}
                                (no ring)
                                r - ring of ice

@: no status effects
A: antennae 1, slimy green scales 1, deformed body, deterioration 1, high mp 1,
strong 1
a: no special abilities


You were on level 10 of the Dungeon.
You were near starving.

You visited 1 branch of the dungeon, and saw 11 of its levels.
You also visited: Ossuary.

You collected 424 gold pieces.

Inventory:

Hand Weapons
 a - a +0 long sword of freezing (weapon)
Missiles
 d - 4 throwing nets (quivered)
 l - 2 silver tomahawks
Armour
 e - a +1 pair of gloves (worn)
 h - a +3 ring mail (worn)
 m - a +0 buckler (worn)
 q - a +1 pair of boots (worn)
 J - a +0 large shield
Jewellery
 o - the brooch of Shielding (around neck) {Reflect SH+8}
   (You found it on level 4 of the Dungeon)

   [amulet of reflection]

   It shields you and reflects attacks.
   It affects your SH (+8).
 r - a ring of ice (left hand)
Wands
 w - a wand of heal wounds (4/9)
 B - a wand of paralysis (5/24)
 E - a wand of slowing (28/48)
 F - a wand of lightning (4/15)
 H - a wand of flame (6/48)
Scrolls
 b - a scroll of recharging
 c - 3 scrolls of remove curse
 n - a scroll of magic mapping
 v - 2 scrolls of fog
 y - a scroll of teleportation
Potions
 g - a potion of ambrosia
 t - a potion of flight
 x - 2 potions of magic
Comestibles
 j - a slice of pizza
 k - 3 meat rations
 s - 4 fruits
 z - a beef jerky
 D - 2 bread rations


   Skills:
 + Level 7.2 Fighting
 + Level 8.0 Long Blades
 - Level 1.7 Throwing
 + Level 7.8 Dodging
 + Level 6.7 Shields


You had 9 spell levels left.
You didn't know any spells.

Dungeon Overview and Level Annotations

Branches:
Dungeon (11/15)            Temple (0/1) D:4             Orc (0/2) D:9
   Lair: D:8-11

Shops:
D:5 =

Annotations:
D:11 Frank's ghost, journeyman GrGl


Innate Abilities, Weirdness & Mutations

You have an increased reservoir of magic. (+10% MP)
You have a pair of small antennae on your head.
You are partially covered in slimy green scales. (AC +2)
Armour fits poorly on your strangely shaped body.
Your body sometimes deteriorates upon taking damage.
Your muscles are strong. (Str +2)


Message History

You block the wight's attack.
The big kobold hits you but does no damage.
The white ugly thing bites you!
* * * LOW HITPOINT WARNING * * *
The white ugly thing freezes you! You resist.
* * * LOW HITPOINT WARNING * * *
The kobold hits you but does no damage.
Okay, then.
You closely miss the wight.
The wight is heavily damaged.
The wight hits you but does no damage. You block the wight's attack.
The big kobold misses you.
You riposte.
You hit the big kobold. You freeze the big kobold.
The big kobold is lightly wounded.
The white ugly thing barely misses you. You block the kobold's attack.
You hit the wight but do no damage.
The wight is heavily damaged.
You block the wight's attack.
The wight hits you with an enchanted mace.
You die...

#........#
#.......##...# #.##
#........#
#.......##...###.##
#.†......#
#.......##..))##.##
#........#
#..###..#####)#####
#........# #..#
#..# #...(.# #
#........# #..#
#..# #.....# #
#./......# #.z#
#..# #.....# #
#.>......# #uz#
#..###.....# #
#........# #K@#
#....#...._###
#........# #Kz#
#....#.....#..
#........# #..#
#..#########..
#........# #..#
#..##...# #.##
#........#####..#
#..##...# #.##
#...............#
#..##...# #.##
##..#####........#
#..##...# #.##
....# #.#####..#
#..##...# #.##
....# #.# #..#
#..##...# #.##


You could see a white ugly thing, a big kobold, 3 wights and a kobold.

Vanquished Creatures
  A hippogriff (D:7)
  4 yaks (D:10)
  A wyvern (D:10)
  A hungry ghost (D:7)
  Menkaure (D:5)
  2 ice beasts (D:10)
  A sky beast (D:6)
  A black bear (D:7)
  4 orc warriors
  A phantom (D:6)
  5 ogres
  A hornet zombie (D:9)
  4 centaurs
  A big kobold (D:8)
  8 bullfrogs
  2 water moccasin zombies (Ossuary)
  3 killer bees (D:8)
  A wight (D:10)
  6 howler monkeys
  4 crimson imps
  A bullfrog zombie (D:5)
  A centaur zombie (D:5)
  A jelly (D:6)
  7 orc priests
  4 centaur skeletons
  4 hounds
  9 orc wizards
  5 worker ants
  3 iguanas
  4 big kobold zombies (Ossuary)
  A hound zombie (D:6)
  2 hound skeletons
  3 mummies
  Robin (D:3)
  A howler monkey skeleton (D:6)
  6 adders
  3 shadow imps
  3 oozes (D:1)
  4 adder zombies (Ossuary)
  3 adder skeletons
  A worm (D:4)
  A leopard gecko (D:1)
  54 orcs
  A ball python (D:1)
  6 bats
  6 giant cockroaches
  10 goblins
  8 hobgoblins
  15 jackals
  12 kobolds
  A quokka (D:10)
  5 frilled lizards
  4 gnoll zombies (Ossuary)
  A goblin zombie (D:5)
  6 hobgoblin zombies (Ossuary)
  A jackal skeleton (D:5)
  4 kobold zombies
  5 orc zombies (Ossuary)
  9 rats
268 creatures vanquished.

Notes
Turn   | Place    | Note
-------+----------+-------------------------------------------
     0 | D:1      | Nelagord the Demigod Gladiator began the quest for the Orb.
     0 | D:1      | Reached XP level 1. HP: 17/17 MP: 3/3
   120 | D:1      | Reached XP level 2. HP: 22/24 MP: 4/4
   220 | D:1      | Reached skill level 3 in Long Blades
   457 | D:1      | Reached XP level 3. HP: 6/30 MP: 5/5
  1725 | D:2      | Found a glowing silver altar of Zin.
  2070 | D:3      | Noticed Robin
  2087 | D:3      | Killed Robin
  2087 | D:3      | Reached XP level 4. HP: 18/37 MP: 6/6
  2313 | D:3      | Found a basalt altar of Yredelemnul.
  2316 | D:3      | Gained mutation: You are partially covered in slimy green scales. (AC +2) [potion of mutation]
  2316 | D:3      | Gained mutation: Your body sometimes deteriorates upon taking damage. [potion of mutation]
  2378 | D:3      | Found a deep blue altar of Sif Muna.
  2492 | D:3      | Reached skill level 1 in Shields
  2576 | D:3      | Found a glowing golden altar of the Shining One.
  2576 | D:3      | Found a radiant altar of Vehumet.
  2579 | D:3      | Found a shimmering altar of Xom.
  3174 | D:4      | Noticed an ogre
  3186 | D:4      | Killed an ogre
  3186 | D:4      | Reached XP level 5. HP: 23/44 MP: 7/7
  3382 | D:4      | Found a staircase to the Ecumenical Temple.
  3979 | D:4      | Reached skill level 4 in Long Blades
  4047 | D:4      | Noticed an ogre
  4068 | D:4      | Noticed an ogre
  4078 | D:4      | Killed an ogre
  4078 | D:4      | Reached XP level 6. HP: 32/51 MP: 8/8
  4601 | D:5      | Entered Level 5 of the Dungeon
  4618 | D:5      | Reached XP level 7. HP: 57/58 MP: 9/9
  4636 | D:5      | Noticed Menkaure
  4643 | D:5      | Killed Menkaure
  4943 | D:5      | Found a sand-covered staircase.
  4950 | Ossuary  | Entered an ossuary
  4961 | Ossuary  | Reached skill level 5 in Long Blades
  4994 | Ossuary  | Reached skill level 5 in Dodging
  5292 | D:5      | Gained mutation: Your muscles are strong. (Str +2) [potion of beneficial mutation]
  5293 | D:5      | Gained mutation: You have a pair of small antennae on your head. [potion of beneficial mutation]
  5447 | D:5      | Found Xyqeim's Jewellery Shoppe.
  5668 | D:6      | Reached XP level 8. HP: 59/67 MP: 10/10
  5878 | D:6      | Reached skill level 5 in Fighting
  5891 | D:6      | Reached skill level 6 in Long Blades
  6193 | D:6      | Gained mutation: Armour fits poorly on your strangely shaped body. [mutagenic meat]
  6875 | D:7      | Reached skill level 5 in Shields
  6975 | D:7      | Reached XP level 9. HP: 66/74 MP: 11/11
  7641 | D:8      | Reached skill level 7 in Long Blades
  8193 | D:9      | Found a staircase to the Orcish Mines.
  8402 | D:9      | You fall through a shaft!
  8402 | D:10     | Entered Level 10 of the Dungeon
  8867 | D:10     | Reached XP level 10. HP: 42/84 MP: 13/13
  9111 | D:10     | Found a roughly hewn altar of Beogh.
  9666 | D:11     | Noticed Frank's ghost (journeyman GrGl)
  9703 | D:11     | Noticed a white ugly thing
  9709 | D:10     | Reached skill level 8 in Long Blades
  9726 | D:10     | HP: 2/86 [white ugly thing (14)]
  9728 | D:10     | Slain by a wight

Skill      XL: |  1  2  3  4  5  6  7  8  9 10 |
---------------+-------------------------------+-----
Fighting       | 2 3 4 5 6 7 |  7.2
Dodging        | 3 4 5 6 7 |  7.8
Long Blades    | 3 4 5 6 7 8 |  8.0
Shields        | 1 2 3 5 6 |  6.7
Throwing       | |  1.7

Action                   |  1- 3 |  4- 6 |  7- 9 | 10-12 || total
-------------------------+-------+-------+-------+-------++-------
Melee: Long sword        |   121 |   164 |   717 |   119 ||  1121
  Use: Scroll            |     6 |     5 |    11 |     1 ||    23
       Potion            |     2 |     5 |     9 |     5 ||    21
 Stab: Sleeping          |     3 |       |       |       ||     3
       Invisible         |       |       |     2 |       ||     2
  Eat: Bread ration      |     1 |     2 |     4 |       ||     7
       Chunk             |       |       |     1 |       ||     1
       Pizza             |       |       |       |     1 ||     1
Armor: Leather armour    |    36 |    11 |       |       ||    47
       Ring mail         |       |    40 |   174 |    19 ||   233
Dodge: Dodged            |    82 |   116 |   302 |    83 ||   583
Block: Buckler           |    14 |    24 |   389 |   115 ||   542
       Reflection        |       |       |     7 |     1 ||     8
       Rpst.: Long sword |    29 |    37 |    91 |    24 ||   181
